 Dungeon Crawl Stone Soup version 0.27-a0-279-gdfb9265905 (webtiles) character file.

Game seed: 9831075489500741165

219 HoaS the Twirler (level 5, -7/30 HPs)
             Began as a Gargoyle Gladiator on Feb 7, 2021.
             Mangled by an orc warrior
             ... wielding a +0 glaive
              (20 damage)
             ... on level 2 of the Dungeon.
             The game lasted 00:04:20 (2151 turns).

HoaS the Twirler (Gargoyle Gladiator)               Turns: 2151, Time: 00:04:21

Health: -7/30      AC: 15    Str: 18    XL:     5   Next: 96%
Magic:  5/5        EV: 10    Int:  9    God:
Gold:   179        SH:  0    Dex: 11    Spells: 4/4 levels left

rFire    + . .     SeeInvis .   a - +1 quarterstaff
rCold    . . .     Faith    .   (shield currently unavailable)
rNeg     + . .     Spirit   .   g - +4 scale mail {rF+}
rPois    ∞         Reflect  .   c - +0 helmet
rElec    +         Harm     .   (no cloak)
rCorr    .         Rampage  .   (no gloves)
Will     .....                  (no boots)
Stlth    ..........             (no amulet)
HPRegen  0.10/turn              (no ring)
MPRegen  0.09/turn              (no ring)

@: no status effects
A: negative energy resistance 1, electricity resistance, unbreathing,
petrification resistance, miasma immunity, AC +4
a: no special abilities


You were on level 2 of the Dungeon.
You visited 1 branch of the dungeon, and saw 3 of its levels.

You collected 179 gold pieces.

Inventory:

Hand Weapons
 a - a +1 quarterstaff (weapon)
Missiles
 h - 7 arrows
Armour
 c - a +0 helmet (worn)
 g - a +4 scale mail of fire resistance (worn)
Scrolls
 j - a scroll of remove curse
 n - a scroll of identify
Potions
 b - a potion of might {unknown}
 e - a potion of lignification {unknown}
 f - a potion of mutation {unknown}
 i - a potion of attraction {unknown}
 k - a potion of curing {unknown}
 l - 2 potions of heal wounds {unknown}
 m - a potion of ambrosia {unknown}
 p - a potion of brilliance {unknown}


   Skills:
 - Level 2.1 Fighting
 * Level 6.0 Staves
 - Level 2.0 Bows
 - Level 1.7 Throwing
 - Level 2.4 Dodging


You had 4 spell levels left.
You didn't know any spells.
Your spell library was empty.

Dungeon Overview and Level Annotations

Branches:
Dungeon (3/15)

Altars:


Innate Abilities, Weirdness & Mutations

You are resistant to torment.
Your stone body is resilient. (AC +4)
You are immune to poison.
You resist negative energy. (rN+)
You are resistant to electric shocks. (rElec)
You can survive without breathing.
You are immune to petrification.
You are immune to miasma.


Message History

You hit the orc warrior.
The orc warrior is lightly wounded.
The orc warrior struggles against the net.
You barely miss the orc warrior.
The orc warrior is lightly wounded.
The orc warrior struggles against the net.
The net rips apart, and the orc warrior comes free!
You hit the orc warrior but do no damage.
The orc warrior is lightly wounded.
The orc warrior hits you with a +0 glaive.
You hit the orc warrior but do no damage.
The orc warrior is lightly wounded.
The orc warrior barely misses you.
You hit the orc warrior but do no damage.
The orc warrior is lightly wounded.
You barely miss the orc warrior.
The orc warrior is lightly wounded.
The orc warrior hits you with a +0 glaive!!
Ouch! That really hurt!
You die...

###.#......##...#####.#.#.#.####.
......#.##.......#......#.#.# #.
##.##.#.##########.######.#.# ##
.....##.######<.........#.#.#
.#....#.....##.###.#.##.#.#.#
.##########.##.###...##.#.#.###
..............[.).>.###.#.#...#
###########.##>###......#.###.###
......# #.##..@o.(#####.#......
......# ###.###########.#.#...###
####..# #...# #.....#.#####
...#..###.### #.###.#.....#
.#.#...>..# #.# #.#####.#
##.#[###### #.# #.# #.# ...#.#
#.# #.# #.# ####.# #.# #.# #.#
...#.##############.###.### #.#


You could see an orc warrior.

Vanquished Creatures
  A hound (D:2)
  An orc priest (D:3)
  2 orc wizards
  6 adders (D:2)
  A worm (D:2)
  2 leopard geckos
  3 orcs (D:3)
  6 bats
  4 giant cockroaches (D:2)
  7 goblins
  7 hobgoblins
  2 jackals (D:3)
  A quokka (D:2)
  3 frilled lizards
  6 kobolds
  3 rats
55 creatures vanquished.

Notes
Turn   | Place    | Note
-------+----------+-------------------------------------------
     0 | D:1      | HoaS the Gargoyle Gladiator began the quest for the Orb.
     0 | D:1      | Reached XP level 1. HP: 12/12 MP: 1/1
   160 | D:1      | Reached XP level 2. HP: 17/17 MP: 2/2
   560 | D:1      | Reached skill level 1 in Bows
   705 | D:1      | Reached XP level 3. HP: 16/21 MP: 3/3
  1083 | D:2      | Reached skill level 4 in Staves
  1372 | D:2      | Reached XP level 4. HP: 25/26 MP: 4/4
  1512 | D:2      | Reached skill level 5 in Staves
  1667 | D:2      | Reached XP level 5. HP: 30/30 MP: 5/5
  2066 | D:3      | Noticed an orc warrior
  2121 | D:2      | Reached skill level 6 in Staves
  2151 | D:2      | Mangled by an orc warrior

Illustrated notes

Levels and vault maps discovered:
D:1:      dpeg_arrival_round_c, layout_basic, minivault_26, minivault_5
D:2:      layout_basic
D:3:      layout_basic, uniq_ijyb

Skill      XL: |  1  2  3  4  5 |
---------------+----------------+-----
Bows           | 1 2 |  2.0
Staves         | 4 5 6 |  6.0
Fighting       | |  2.1
Throwing       | |  1.7
Dodging        | |  2.4

Action                   |  1- 3 |  4- 6 || total
-------------------------+-------+-------++-------
Melee: Quarterstaff      |   105 |   102 ||   207
Throw: Throwing net      |       |     4 ||     4
  Use: Scroll            |     3 |     3 ||     6
Armor: Leather armour    |    22 |       ||    22
       Ring mail         |    24 |       ||    24
       Scale mail        |     4 |    64 ||    68
Dodge: Dodged            |    69 |    47 ||   116

Table legend: (Time is in decaauts)
 A = Elapsed time spent in this place.
 B = Non-inter-level travel time spent in this place.
 C = Inter-level travel time spent in this place.
 D = Time resting spent in this place.
 E = Time spent auto-exploring this place.
 F = Levels seen in this place.
 G = Mean time per level.
                   A        B        C        D        E       F      G
               +--------+--------+--------+--------+--------+-----+--------+
         Total |   2168 |   2132 |     36 |    433 |   1229 |   3 |  722.7 |
       Dungeon |   2168 |   2132 |     36 |    433 |   1229 |   3 |  722.7 |
               +--------+--------+--------+--------+--------+-----+--------+

Top non-repeatable levels by time:
     D:2: 1154 daAuts
     D:1: 908 daAuts
     D:3: 105 daAuts
